 Dungeon Crawl Stone Soup version 0.29-a0-321-gf1c400731a (webtiles) character file.

Game seed: 13523185330630310714

23226 sammy202020 the Fighter (level 12, -3/100 HPs)
             Began as a Demonspawn Berserker on Apr 4, 2022.
             Was a High Priest of Trog.
             Slain by a five-headed hydra (11 damage)
             ... on level 13 of the Dungeon.
             The game lasted 00:26:47 (12081 turns).

sammy202020 the Fighter (Demonspawn Berserker)     Turns: 12081, Time: 00:26:47

Health: -3/100     AC: 24    Str: 19    XL:     12   Next: 70%
Magic:  12/12      EV:  5    Int: 11    God:    Trog [*****.]
Gold:   1045       SH:  0    Dex: 12    Spells: 11/11 levels left

rFire   + + .      SeeInvis .   i - +4 war axe (flame)
rCold   + . .      Faith    .   (no shield)
rNeg    . . .      Spirit   .   k - +0 gold dragon scales
rPois   +          Reflect  .   (no helmet)
rElec   .          Harm     .   (no cloak)
rCorr   .          Rampage  .   (no gloves)
Will    ++...                   (no boots)
Stlth   ..........              n - amulet of regeneration
HPRegen 2.06/turn               a - +4 ring of protection
MPRegen 0.13/turn               J - +4 ring of slaying

@: strong-willed, on berserk cooldown, regenerating, slowed, very slow
A: slimy green scales 2, foul stench 2, demonic touch 2, talons 1, fire
resistance 1, weak 1
a: Renounce Religion, Berserk, Trog's Hand, Brothers in Arms


You were on level 13 of the Dungeon.
You worshipped Trog.
Trog was extremely pleased with you.
You visited 1 branch of the dungeon, and saw 13 of its levels.
You also visited: Sewer and Ossuary.

You collected 1263 gold pieces.
You spent 218 gold pieces at shops.

Inventory:

Hand Weapons
 g - a +5 flail
 i - a +4 war axe of flaming (weapon)
 m - a +0 hunting sling of freezing
 E - the +6 mace of the Usurping Wolf {antimagic, Str+5}
   (You found it on level 10 of the Dungeon)

   It reduces the magical energy of the wielder, and disrupts the spells and
   magical abilities of those it strikes.
   Natural abilities and divine invocations are not affected.
   Str:       It affects your strength (+5).
Missiles
 j - 39 poisoned darts (quivered)
 t - a javelin
 v - 13 boomerangs
 z - a throwing net
 D - a curare-tipped dart
Armour
 k - +0 gold dragon scales (worn)
 C - a +0 helmet
Jewellery
 a - a +4 ring of protection (left hand)
 n - an amulet of regeneration (around neck)
 G - a ring of ice
 H - an amulet of reflection
 J - a +4 ring of slaying (right hand)
 K - a ring of positive energy
Wands
 p - a wand of flame (31)
 u - a wand of acid (1)
 y - a wand of polymorph (6)
Scrolls
 b - 5 scrolls of fog
 h - 5 scrolls of blinking
 l - a scroll of summoning
 q - 3 scrolls of brand weapon
 s - 4 scrolls of teleportation
 M - 7 scrolls of identify
 N - a scroll of silence {unknown}
Potions
 c - 2 potions of haste
 d - 5 potions of cancellation
 f - 2 potions of mutation
 o - 7 potions of curing
 r - 4 potions of brilliance
 w - 2 potions of ambrosia
 x - a potion of invisibility
 A - 2 potions of attraction
 B - 2 potions of resistance
 F - a potion of heal wounds
 I - a potion of berserk rage {unknown}
 L - a potion of might {unknown}
Miscellaneous
 e - a lightning rod (4/4)


   Skills:
 * Level 11.2 Fighting
 * Level 10.2 Axes
 * Level 10.0 Armour
 - Level 5.9 Dodging
 * Level 7.8 Unarmed Combat
 + Level 4.2 Evocations


You had 11 spell levels left.
You didn't know any spells.
Your spell library was empty.

Dungeon Overview and Level Annotations

Branches:
Dungeon (13/15)            Temple (0/1) D:4            Lair (0/6) D:11
    Orc (0/2) D:9           Sewer (visited)         Ossuary (visited)
 Vaults: D:13-14

Altars:
Fedhas
Gozag
Sif Muna

Shops:
D:3 *   D:6 ?   D:7 (   D:9 **


Innate Abilities, Weirdness & Mutations

You are mostly covered in slimy green scales. (AC +3)
You sometimes emit foul miasma when damaged in melee.
Your touch may inflict irresistible damage on your foes.
You have sharp toenails.
Your flesh is heat resistant. (rF+)
You are weak. (Str -2)


Message History

You feel yourself moving faster!
You feel mighty! The iron imp barely misses you.
You feel a strong urge to attack something.
The iron imp hits you but does no damage.
You feel your anger nearly subside. The iron imp barely misses you.
You are no longer berserk.
You are exhausted.
You feel yourself slow down.
The kobold demonologist barely misses you.
The titanic slime creature hits you.
You slice the kobold demonologist!! You burn the kobold demonologist!
You claw the kobold demonologist.
You kill the kobold demonologist!
Trog accepts your kill.
Trog appreciates your killing of a magic user.
The iron imp disappears in a puff of smoke!
You slice the titanic slime creature!! You burn the titanic slime creature.
The titanic slime creature hits you!!
* * * LOW HITPOINT WARNING * * *
You emit a cloud of foul miasma!
You hack one of the six-headed hydra's heads off!
The flame cauterises the wound!
You hit the five-headed hydra. You burn the five-headed hydra.
You claw the five-headed hydra.
The five-headed hydra is lightly wounded.
You hit the titanic slime creature. You burn the titanic slime creature.
The five-headed hydra barely misses you.
The five-headed hydra bites you but does no damage.
The five-headed hydra bites you.
* * * LOW HITPOINT WARNING * * *
The five-headed hydra bites you!
* * * LOW HITPOINT WARNING * * *
The five-headed hydra bites you but does no damage.
The titanic slime creature is engulfed in dark miasma.
The titanic slime creature is poisoned.
The titanic slime creature barely misses you.
The five-headed hydra bites you but does no damage. x3
The five-headed hydra closely misses you.
The five-headed hydra bites you!
You die...

#...... ..#
#.....#...#
#.....#...#
#.........###
#........ ..
#...... .#
#..DJ#####.#
#..@ยง......#
#..........#
#..........#
#..........#
#......##'####
#.##...#.....#
#.##...#.....#
#.##...#.....#
#.##...#.....#


You could see a five-headed hydra and a titanic slime creature (poisoned, slow).

Vanquished Creatures
  2 hydras
  A boulder beetle (D:9)
  A death knight (D:10)
  2 two-headed ogres
  2 catoblepae
  3 centaur warriors
  An ugly thing (D:12)
  4 cyclopes
  A manticore (D:10)
  Maurice (D:8)
  A gargoyle (D:10)
  An unseen horror (D:12)
  A freezing wraith (D:10)
  A komodo dragon (D:11)
  A kobold demonologist (D:13)
  A yaktaur (D:10)
  6 trolls
  A hornet (D:9)
  A slime creature (D:10)
  Prince Ribbit (D:7)
  3 shadows
  4 wyverns
  2 vampires
  A basilisk (D:10)
  4 wraiths
  10 yaks
  A human (shapeshifter) (D:10)
  8 vampire mosquitoes
  4 acid dragons
  3 ice beasts
  Duvessa (D:4)
  5 orc warriors
  Pargi (Sewer)
  2 black bears
  2 sky beasts (D:6)
  2 ogres (D:6)
  10 centaurs
  2 phantoms
  2 kobold brigands
  5 bullfrogs
  2 necrophages
  2 gnoll sergeants
  4 scorpions
  12 wights
  Dowan (D:4)
  11 killer bees
  8 howler monkeys
  2 hounds
  4 orc priests
  2 jellies
  A gnoll shaman (D:8)
  2 iguanas
  7 orc wizards
  8 mummies (Ossuary)
  6 adders
  14 gnolls
  A shadow imp (D:6)
  2 white imps
  2 ufetubi (D:6)
  A worm (D:2)
  2 dart slugs
  27 orcs
  12 endoplasms
  3 giant cockroaches
  2 gnoll zombies (Ossuary)
  18 goblins
  11 hobgoblins
  7 jackals
  17 kobolds
  A quokka (D:4)
  4 ball pythons
  4 bats
  4 frilled lizards
  3 hobgoblin zombies (Ossuary)
  A kobold zombie (Ossuary)
  2 orc zombies (Ossuary)
  5 rats
320 creatures vanquished.

Vanquished Creatures (others)
  An unseen horror (D:11)
  9 plants (D:11)
10 creatures vanquished.

Grand Total: 330 creatures vanquished

Notes
Turn   | Place    | Note
-------+----------+-------------------------------------------
     0 | D:1      | sammy202020 the Demonspawn Berserker began the quest for
                  | the Orb.
     0 | D:1      | Reached XP level 1. HP: 18/18 MP: 1/1
   420 | D:1      | Gained mutation: You are partially covered in slimy green
                  | scales. (AC +2) [demonic ancestry]
   420 | D:1      | Reached XP level 2. HP: 24/24 MP: 2/2
   794 | D:1      | Reached ** piety under Trog
   866 | D:1      | Reached XP level 3. HP: 29/29 MP: 3/3
  1295 | D:2      | Found an opulent altar of Gozag.
  2262 | D:2      | Reached XP level 4. HP: 29/37 MP: 4/4
  3098 | D:3      | Reached skill level 4 in Fighting
  3098 | D:3      | Reached XP level 5. HP: 34/42 MP: 5/5
  3166 | D:3      | Found Exezar's General Store.
  3320 | D:4      | Noticed Duvessa
  3320 | D:4      | Noticed Dowan
  3329 | D:4      | Killed Duvessa
  3334 | D:4      | Killed Dowan
  3335 | D:4      | Reached XP level 6. HP: 49/49 MP: 6/6
  3354 | D:4      | Found a staircase to the Ecumenical Temple.
  3425 | D:4      | Reached *** piety under Trog
  3534 | D:4      | Found a glowing drain.
  3574 | Sewer    | Entered a sewer
  3649 | Sewer    | Noticed Pargi
  3668 | Sewer    | Killed Pargi
  3669 | Sewer    | Reached skill level 5 in Fighting
  3669 | Sewer    | Gained mutation: You are mostly covered in slimy green
                  | scales. (AC +3) [demonic ancestry]
  3669 | Sewer    | Reached XP level 7. HP: 40/56 MP: 7/7
  3930 | D:4      | Gained mutation: You have sharp toenails. [potion of
                  | mutation]
  3930 | D:4      | Gained mutation: You are weak. (Str -2) [potion of
                  | mutation]
  3930 | D:4      | Gained mutation: Your flesh is heat resistant. (rF+)
                  | [potion of mutation]
  4795 | D:5      | Entered Level 5 of the Dungeon
  4914 | D:5      | Reached skill level 5 in Axes
  5126 | D:5      | HP: 4/85 [gnoll sergeant/+0 trident (7)]
  5132 | D:5      | Gained mutation: You may rarely emit foul miasma when
                  | damaged in melee. [demonic ancestry]
  5132 | D:5      | Reached XP level 8. HP: 6/64 MP: 8/8
  5431 | D:6      | Reached skill level 6 in Fighting
  5451 | D:6      | Reached skill level 5 in Armour
  6018 | D:6      | Found Hour's Magic Scroll Boutique.
  6036 | D:6      | Bought a scroll of identify for 26 gold pieces
  6036 | D:6      | Bought a scroll of identify for 26 gold pieces
  6036 | D:6      | Bought a scroll of identify for 26 gold pieces
  6650 | D:7      | Reached skill level 7 in Fighting
  6651 | D:7      | Reached **** piety under Trog
  6652 | D:7      | Gained mutation: Your touch may inflict minor irresistible
                  | damage on your foes. [demonic ancestry]
  6652 | D:7      | Reached XP level 9. HP: 36/72 MP: 9/9
  6670 | D:7      | Noticed Prince Ribbit
  6680 | D:7      | Killed Prince Ribbit
  6681 | D:7      | Reached skill level 1 in Unarmed Combat
  6851 | D:7      | Found a sand-covered staircase.
  6860 | Ossuary  | Entered an ossuary
  7070 | D:7      | Found a blossoming altar of Fedhas.
  7105 | D:7      | Found Jonygh Faesm's Firing Range.
  7503 | D:8      | Noticed Maurice
  7561 | D:8      | Killed Maurice
  7562 | D:8      | Reached skill level 8 in Fighting
  7562 | D:8      | Reached skill level 5 in Dodging
  7600 | D:8      | Identified the +4 ring mail of Unambiguity {rF+}
  7657 | D:8      | Gained mutation: You sometimes emit foul miasma when
                  | damaged in melee. [demonic ancestry]
  7657 | D:8      | Reached XP level 10. HP: 77/79 MP: 10/10
  7814 | D:8      | Noticed a two-headed ogre
  7825 | D:8      | Killed a two-headed ogre
  8188 | D:9      | Noticed a boulder beetle
  8199 | D:9      | Killed a boulder beetle
  8259 | D:9      | Found a staircase to the Orcish Mines.
  8312 | D:9      | Reached ***** piety under Trog
  8313 | D:9      | Reached skill level 9 in Fighting
  8387 | D:9      | Found Zidual's Specific Store.
  8391 | D:9      | Found Naolewn's General Store.
  8405 | D:9      | Bought a potion of haste for 140 gold pieces
  8720 | D:10     | Entered Level 10 of the Dungeon
  8756 | D:10     | Noticed a two-headed ogre
  8764 | D:10     | Killed a two-headed ogre
  8770 | D:10     | Reached skill level 5 in Unarmed Combat
  8771 | D:10     | Identified the +6 mace of the Usurping Wolf {antimagic,
                  | Str+5}
  8790 | D:10     | Gained mutation: Your touch may inflict irresistible damage
                  | on your foes. [demonic ancestry]
  8790 | D:10     | Reached XP level 11. HP: 62/89 MP: 11/11
  9363 | D:10     | Reached skill level 1 in Evocations
  9846 | D:10     | Noticed a catoblepas
  9847 | D:10     | Noticed a centaur warrior
  9863 | D:10     | Killed a centaur warrior
  9876 | D:10     | Killed a catoblepas
  9923 | D:10     | Reached skill level 10 in Fighting
  9923 | D:10     | Noticed a death knight
  9937 | D:10     | Killed a death knight
 10475 | D:11     | Noticed a five-headed hydra
 10483 | D:11     | Killed a one-headed hydra
 10505 | D:11     | Reached XP level 12. HP: 98/98 MP: 12/12
 10670 | D:11     | Found a staircase to the Lair.
 10853 | D:11     | Noticed a centaur warrior
 10853 | D:11     | Noticed a six-headed hydra
 10861 | D:11     | Killed a centaur warrior
 11412 | D:12     | Noticed a five-headed hydra
 11421 | D:12     | Killed a one-headed hydra
 11677 | D:12     | Reached skill level 10 in Axes
 11706 | D:12     | Reached skill level 11 in Fighting
 11793 | D:12     | Noticed a centaur warrior
 11801 | D:12     | Killed a centaur warrior
 11952 | D:13     | Noticed a catoblepas
 11957 | D:13     | Killed a catoblepas
 11958 | D:13     | Reached skill level 10 in Armour
 11979 | D:13     | Found a shimmering blue altar of Sif Muna.
 12081 | D:13     | Slain by a five-headed hydra

Illustrated notes

Levels and vault maps discovered:
D:1:      dpeg_arrival_chambers_temple_mockup, layout_basic, grunt_decor_clamped
D:2:      layout_basic, basic_altar, chequers_serial_rivers_small_3,
          minmay_heptomino_o4
D:3:      layout_basic, serial_shops, nicolae_shop_behind_doors, minmay_ruptured
D:4:      layout_layer_cave, minmay_temple_entry_stoned_glass,
          gup_sewer_entry_glass, kennysheep_small_square, uniq_duvessa
D:5:      layout_cave_pools
D:6:      layout_basic, serial_shops, shop_coins
D:7:      layout_cave_pools, mainiacjoe_overflow_cross_hatched, enter_bailey_4,
          enter_ossuary_1, nicolae_shop_firing_range, uniq_prince_ribbit1
D:8:      layout_rooms, nicolae_figureground_sparkle, uniq_maurice
D:9:      layout_rooms, orc_0_dummy, nicolae_specific_store
D:10:     hangedman_cross_veins, layout_cross, st_stairs_9,
          wad_floor_pattern_untrapped
D:11:     kennysheep_six_static_rooms, layout_basic, dpeg_oklobed_lair,
          grunt_potential
D:12:     layout_long_grid, st_stairs_5
D:13:     kennysheep_bubbly, layout_stronghold, nicolae_sif_muna_condensation

Skill      XL: |  1  2  3  4  5  6  7  8  9 10 11 12 |
---------------+-------------------------------------+-----
Armour         | 2 3 4 6 8 9 10 | 10.0
Axes           | 3 4 5 6 7 8 9 10 | 10.2
Dodging        | 2 3 4 5 |  5.9
Fighting       | 4 5 7 8 9 10 11 | 11.2
Unarmed Combat | 3 5 6 7 |  7.8
Evocations     | 2 4 |  4.2

Action                   |  1- 3 |  4- 6 |  7- 9 | 10-12 || total
-------------------------+-------+-------+-------+-------++-------
Melee: Hand axe          |    98 |       |       |       ||    98
       War axe           |    22 |   105 |   251 |   387 ||   765
       Kick              |       |       |    60 |   131 ||   191
       Punch             |       |       |     5 |    17 ||    22
       Touch             |       |       |    13 |    80 ||    93
Throw: Dart              |       |       |     1 |     8 ||     9
Invok: Berserk           |       |     2 |     4 |     9 ||    15
       Trog's Hand       |       |     2 |     1 |     9 ||    12
  Use: Scroll            |     5 |     4 |    12 |     4 ||    25
       Potion            |       |       |     2 |     3 ||     5
Armor: Animal skin       |    11 |       |       |       ||    11
       Plate armour      |    77 |    27 |       |       ||   104
       Gold dragon scale |       |   118 |   327 |   486 ||   931
Dodge: Dodged            |    40 |    19 |    34 |   113 ||   206

Table legend: (Time is in decaauts)
 A = Elapsed time spent in this place.
 B = Non-inter-level travel time spent in this place.
 C = Inter-level travel time spent in this place.
 D = Time resting spent in this place.
 E = Time spent auto-exploring this place.
 F = Levels seen in this place.
 G = Mean time per level.
                   A        B        C        D        E       F      G
               +--------+--------+--------+--------+--------+-----+--------+
         Total |  12364 |  12145 |    219 |   1380 |   8062 |  15 |  824.3 |
       Dungeon |  11925 |  11706 |    219 |   1380 |   7810 |  13 |  917.3 |
         Sewer |    244 |    244 |      0 |      0 |    136 |   1 |  244.0 |
       Ossuary |    194 |    194 |      0 |      0 |    115 |   1 |  194.0 |
               +--------+--------+--------+--------+--------+-----+--------+

Top non-repeatable levels by time:
    D:10: 1672 daAuts
     D:2: 1366 daAuts
     D:4: 1291 daAuts
     D:6: 1238 daAuts
     D:1: 1238 daAuts
    D:11: 949 daAuts
     D:3: 747 daAuts
     D:8: 700 daAuts
    D:12: 689 daAuts
     D:7: 657 daAuts
     D:5: 631 daAuts
     D:9: 608 daAuts
   Sewer: 244 daAuts
 Ossuary: 194 daAuts
    D:13: 134 daAuts
